 Dungeon Crawl Stone Soup version 0.22-a0-456-g11ed031617 (webtiles) character file.

12419 Kriby the Archer (level 11, 0/168 HPs)
             Began as a Centaur Hunter on June 7, 2018.
             Was a High Priest of Okawaru.
             Slain by an earth elemental (8 damage)
             ... in a volcano.
             The game lasted 00:25:05 (14128 turns).

Kriby the Archer (Centaur Hunter)                  Turns: 14128, Time: 00:25:05

Health: 0/168      AC: 25    Str: 14    XL:     11   Next: 62%
Magic:  4/11       EV:  1    Int:  8    God:    Okawaru [*****.]
Gold:   590        SH:  0    Dex: 19    Spells: 10/10 levels left

rFire    . . .     SeeInvis +   b - +2 short sword (venom)
rCold    . . .     Gourm    .   (no shield)
rNeg     + + +     Faith    .   (armour currently unavailable)
rPois    +         Spirit   .   (helmet currently unavailable)
rElec    .         Reflect  .   (cloak currently unavailable)
rCorr    .         Harm     .   (gloves currently unavailable)
MR       .....     NoTele   +   (no barding)
Stlth    +++++.....             h - amulet of regeneration
HPRegen  0.78/turn              i - ring of see invisible
MPRegen  0.12/turn              o - ring of poison resistance

@: agile, tree-form (expiring), heroism, finesse
A: large, dopey 1, robust 1
a: Heroism, Finesse, Renounce Religion


You were in a volcano.
You worshipped Okawaru.
Okawaru was extremely pleased with you.
You were hungry.
You were a tree.
You visited 2 branches of the dungeon, and saw 11 of its levels.
You also visited: Volcano.

You collected 590 gold pieces.

Inventory:

Hand Weapons
 a - a +1 shortbow of velocity
 b - a +2 short sword of venom (weapon)
 x - a +2 scythe of flaming
 B - a +1 triple sword of flaming
 L - a +0 shortbow of freezing
 N - a +1 battleaxe of flaming
Missiles
 d - 283 arrows
 q - 48 bolts
Armour
 j - a +0 ring mail
 l - a +0 leather armour
 p - a +1 helmet of see invisible (melded)
 s - a +0 cloak
 u - a +1 pair of gloves (melded)
 y - the +1 cloak of Starlight {rElec rC+ EV+4 Stlth--}
   (You found it in a volcano)

   It affects your evasion (+4).
   It protects you from cold.
   It insulates you from electricity.
   It makes you much less stealthy.
 D - a cursed +0 chain mail (melded)
 G - a +2 centaur barding (melded)
 H - a +2 cloak of fire resistance (melded)
Jewellery
 c - an uncursed ring of protection from cold
 h - an amulet of regeneration (around neck)
 i - a ring of see invisible (left branch)
 o - a ring of poison resistance (right branch)
 r - an uncursed ring of magical power
 t - a +3 ring of intelligence
 v - an uncursed ring of protection from cold
 F - an uncursed ring of flight
Scrolls
 k - a scroll of enchant armour
 A - 4 scrolls of identify {@r1}
 C - 2 scrolls of amnesia
Potions
 g - 2 potions of cancellation
 m - 2 potions of agility {@q5}
 z - a potion of resistance
 E - 2 potions of mutation
Comestibles
 f - 19 rations {@e1}


   Skills:
 * Level 11.2(16.2) Fighting
 - Level 3.0(8.0) Short Blades
 * Level 14.7(19.7) Bows
 + Level 2.7(7.7) Armour
 - Level 5.8(10.8) Dodging
 - Level 2.8(7.8) Stealth


You had 10 spell levels left.
You didn't know any spells.
Your spell library was empty.

Dungeon Overview and Level Annotations

Branches:
Dungeon (10/15)            Temple (0/1) D:5            Lair (1/6) D:10
    Orc: D:9-12

Altars:
Ashenzari
Cheibriados
Dithmenos
Elyvilon
Gozag
Hepliaklqana
Nemelex Xobeh
Okawaru
Ru
Sif Muna
Trog
Uskayaw
Vehumet
The Shining One


Innate Abilities, Weirdness & Mutations

((You have hooves in place of feet.))
((Armour fits poorly on your strangely shaped body.))
((You cover ground very quickly.))
((You have extremely tough skin. (AC +3)))
You are dopey. (Int -2)
You are robust. (+10% HP)


Message History

You hit the stone giant but do no damage.
The stone giant looks as sick as possible!
The stone giant is almost dead.
Your transformation is almost over.
The earth elemental hits you but does no damage.
The stone giant hits you.
* * * LOW HITPOINT WARNING * * *
You hit the stone giant but do no damage.
The stone giant looks as sick as possible!
The stone giant is almost dead.
You kill the stone giant!
Okawaru is honoured by your kill. The earth elemental hits you!
* * * LOW HITPOINT WARNING * * *
Okay, then.
Okay, then.
You gain the combat prowess of a mighty hero.
You can now deal lightning-fast blows.
The earth elemental hits you!
You die...

#≈## ###§§# ##§≈≈≈##
##§§§≈§≈## #§§§..≈≈≈#
#.....# ###(∩.# #(#∩#.#
##♣##### ########
######E##### ###.)##..##
.§......(...###..##.[)..#
§≈§.≈.≈§.......#####∩(§..
≈≈§≈§≈≈§§§§§.### #≈≈...
§≈§≈≈≈≈≈§§≈E...# ##§≈.≈
≈§§§§≈§≈§§§..## ##§≈≈
§§§≈§§§§≈§§.§..# ##≈§
§≈≈§§§≈≈≈≈....## #≈#


You could see an earth elemental.

Vanquished Creatures
  A stone giant (Volcano)
  2 two-headed ogres (D:8)
  Sonja (D:10)
  Pikel (D:4)
  A cyclops (D:10)
  An efreet (Volcano)
  A troll (D:10)
  Grinder (D:3)
  A queen bee (D:9)
  4 hippogriffs
  Eustachio (D:6)
  6 yaks (D:9)
  A wyvern (D:3)
  2 fire elementals (Volcano)
  2 hungry ghosts
  Edmund (D:5)
  A porcupine (Lair:1)
  A hornet zombie (D:10)
  2 ice beasts
  A slave (D:5)
  A black bear (D:8)
  A phantom (D:8)
  2 sky beasts
  7 ogres
  5 centaurs
  2 big kobolds
  4 bullfrogs
  2 gnoll sergeants
  An earth elemental (Volcano)
  19 killer bees
  12 wights
  2 howler monkeys
  3 crimson imps
  2 centaur zombies
  A quasit (D:10)
  5 jellies
  Crazy Yiuf (D:3)
  4 hounds
  A gnoll shaman (D:7)
  3 bullfrog skeletons
  Terence (D:2)
  2 orc wizards
  3 iguanas
  9 worker ants
  A hound zombie (D:5)
  17 gnolls
  13 adders
  2 shadow imps
  9 oozes
  A worm (D:6)
  3 dart slugs
  3 leopard geckos
  18 orcs
  6 giant cockroaches
  7 goblins
  7 hobgoblins
  4 jackals
  28 kobolds
  3 quokkas
  6 bats
  7 frilled lizards
  A quokka skeleton (D:6)
  8 rats
269 creatures vanquished.

Vanquished Creatures (others)
  Sigmund (D:5)
  A centaur (D:5)
  A hound (D:5)
  An orc wizard (D:5)
  An orc (D:5)
  A giant cockroach (D:5)
  A fungus (D:4)
  9 toadstools (D:4)
16 creatures vanquished.

Grand Total: 285 creatures vanquished

Notes
Turn   | Place    | Note
-------+----------+-------------------------------------------
     0 | D:1      | Kriby the Centaur Hunter began the quest for the Orb.
     0 | D:1      | Reached XP level 1. HP: 17/17 MP: 1/1
   316 | D:1      | Reached XP level 2. HP: 24/24 MP: 2/2
  1217 | D:2      | Reached XP level 3. HP: 23/30 MP: 3/3
  1322 | D:2      | Reached skill level 1 in Short Blades
  1322 | D:2      | Reached skill level 1 in Stealth
  1388 | D:2      | Found an opulent altar of Gozag.
  1396 | D:2      | Noticed a sky beast
  1401 | D:2      | Killed a sky beast
  1401 | D:2      | Reached skill level 6 in Bows
  1401 | D:2      | Reached XP level 4. HP: 15/37 MP: 4/4
  1623 | D:2      | Found an iron altar of Okawaru.
  1631 | D:2      | Gained mutation: You are dopey. (Int -2) [potion of mutation]
  1631 | D:2      | Gained mutation: You are robust. (+10% HP) [potion of mutation]
  1681 | D:2      | Reached XP level 5. HP: 40/48 MP: 5/5
  1781 | D:2      | Became a worshipper of Warmaster Okawaru
  2048 | D:2      | Found a sacrificial altar of Ru.
  2109 | D:2      | Noticed Terence
  2124 | D:2      | Killed Terence
  2342 | D:3      | Found a white marble altar of Elyvilon.
  2652 | D:3      | Noticed Grinder
  2658 | D:3      | Paralysed by Grinder for 3 turns
  2665 | D:3      | Paralysed by Grinder for 3 turns
  2874 | D:3      | Paralysed by Grinder for 3 turns
  2917 | D:3      | Paralysed by Grinder for 7 turns
  2931 | D:3      | Killed Grinder
  2931 | D:3      | Reached XP level 6. HP: 34/56 MP: 6/6
  3744 | D:3      | Found a runed door.
  3873 | D:3      | Noticed Crazy Yiuf
  3900 | D:3      | Killed Crazy Yiuf
  4068 | D:4      | Reached XP level 7. HP: 63/63 MP: 7/7
  4099 | D:4      | Noticed a wyvern
  4162 | D:3      | Killed a wyvern
  4162 | D:3      | Reached skill level 7 in Bows
  4723 | D:4      | Reached * piety under Okawaru
  5382 | D:4      | Reached XP level 8. HP: 28/73 MP: 8/8
  5887 | D:5      | Entered Level 5 of the Dungeon
  5959 | D:5      | Noticed Pikel
  6046 | D:4      | Killed Pikel
  6046 | D:4      | Reached ** piety under Okawaru
  6046 | D:4      | Reached skill level 5 in Fighting
  6046 | D:4      | Reached skill level 8 in Bows
  6208 | D:5      | Reached skill level 9 in Bows
  6500 | D:5      | Found a staircase to the Ecumenical Temple.
  6551 | D:5      | Noticed Edmund
  6599 | D:5      | Killed Edmund
  6653 | D:5      | Killed Sigmund
  6862 | D:5      | Found a hazy altar of Hepliaklqana.
  7061 | D:5      | Found a snail-covered altar of Cheibriados.
  7064 | D:5      | Found a shadowy altar of Dithmenos.
  7116 | D:6      | Noticed Eustachio
  7139 | D:6      | Killed Eustachio
  7139 | D:6      | Reached *** piety under Okawaru
  7154 | D:6      | Reached XP level 9. HP: 80/85 MP: 9/9
  7503 | D:6      | Reached skill level 10 in Bows
  8293 | D:6      | Found a glowing golden altar of the Shining One.
  8662 | D:7      | Reached **** piety under Okawaru
  8673 | D:7      | Reached skill level 11 in Bows
  8728 | D:7      | Found a bloodstained altar of Trog.
  8758 | D:7      | Found a hide-covered altar of Uskayaw.
  9013 | D:7      | Reached skill level 5 in Dodging
  9076 | D:7      | Found a sparkling altar of Nemelex Xobeh.
  9141 | D:7      | Received a gift from Okawaru
  9792 | D:8      | Noticed a two-headed ogre
  9930 | D:8      | Killed a two-headed ogre
  9930 | D:8      | Received a gift from Okawaru
  9930 | D:8      | Reached XP level 10. HP: 99/99 MP: 10/10
 10035 | D:8      | Reached skill level 12 in Bows
 10412 | D:8      | Noticed a two-headed ogre
 10448 | D:8      | Reached ***** piety under Okawaru
 10514 | D:8      | Killed a two-headed ogre
 10514 | D:8      | Received a gift from Okawaru
 10688 | D:8      | Found a deep blue altar of Sif Muna.
 11097 | D:8      | Reached skill level 13 in Bows
 11170 | D:9      | Found a radiant altar of Vehumet.
 11387 | D:9      | Reached skill level 10 in Fighting
 11439 | D:9      | Received a gift from Okawaru
 11585 | D:9      | Found a shattered altar of Ashenzari.
 11778 | D:9      | Reached skill level 1 in Armour
 11778 | D:9      | Reached XP level 11. HP: 65/110 MP: 11/11
 12377 | D:10     | Entered Level 10 of the Dungeon
 12832 | D:10     | Received a gift from Okawaru
 13256 | D:10     | Reached skill level 14 in Bows
 13285 | D:10     | Noticed Sonja
 13287 | D:10     | Killed Sonja
 13742 | D:10     | Found a staircase to the Lair.
 13808 | Lair:1   | Entered Level 1 of the Lair of Beasts
 13846 | Lair:1   | Found a dark tunnel.
 13857 | Volcano  | Entered a volcano
 13877 | Volcano  | Found the +1 cloak of Starlight {rElec rC+ EV+4 Stlth--}
 13892 | Volcano  | Received a gift from Okawaru
 14058 | Volcano  | Noticed a stone giant
 14126 | Volcano  | Killed a stone giant
 14126 | Volcano  | HP: 7/168 [earth elemental (9)]
 14128 | Volcano  | Slain by an earth elemental

Vault maps used:
D:1:      kennysheep_arrival_forest, serial_corexii_hall,
          corexii_hall_statues_i, corexii_hall_statues_l
D:2:      kennysheep_okawaru_gauntlet, old_standard_altar,
          nicolae_ru_sacrificial_ziggurat, uniq_terence
D:3:      lemuel_round_altar, first_ration, roderic_lattice_a,
          serial_park_tiny_pond, uniq_crazy_yiuf_cottage, uniq_grinder
D:4:      cheibrodos_fertilizer
D:5:      lemuel_doored_altar, minitemple, minmay_temple_entry_grid,
          serial_park_tiny_pond, uniq_pikel, uniq_edmund, uniq_sigmund
D:6:      nicolae_tso_swordbearing_angel, uniq_eustachio
D:7:      kennysheep_mini_moat, bloody_trog, nicolae_overflow_hidden_temple
D:8:      kennysheep_mini
D:9:      old_standard_altar, basic_altar, david_nohive_1
D:10:     lair_entry_dummy, uniq_sonja
Lair:1:   beast_lair_carwin_large_1, nicolae_volcano_entry_lava_flow,
          serial_bayou_pond_b
Volcano:  volcano_pools

Skill      XL: |  1  2  3  4  5  6  7  8  9 10 11 |
---------------+----------------------------------+-----
Short Blades   | 1 2 3 |  3.0
Stealth        | 1 2 |  2.8
Bows           | 6 7 9 11 13 14 | 14.7
Dodging        | 2 3 4 5 |  5.8
Fighting       | 3 4 6 8 10 11 | 11.2
Armour         | 1 2 |  2.7

Action                   |  1- 3 |  4- 6 |  7- 9 | 10-12 || total
-------------------------+-------+-------+-------+-------++-------
Melee: Short sword       |    81 |   121 |   261 |   144 ||   607
       Kick              |    14 |    34 |    81 |    44 ||   173
       Spear             |       |    12 |       |       ||    12
 Fire: Shortbow          |     3 |    22 |   277 |   439 ||   741
Invok: Heroism           |       |       |       |     1 ||     1
       Finesse           |       |       |       |     1 ||     1
Evoke: Wand              |       |       |       |     7 ||     7
  Use: Potion            |       |     5 |     2 |    19 ||    26
       Scroll            |       |       |     5 |     6 ||    11
 Stab: Sleeping          |       |       |     1 |       ||     1
  Eat: Chunk             |     1 |     7 |    16 |    14 ||    38
       Ration            |       |       |     1 |       ||     1
Armor: Leather armour    |    20 |       |       |       ||    20
       Ring mail         |    16 |    51 |   109 |       ||   176
       Chain mail        |       |       |    14 |   162 ||   176
       Skin              |       |       |       |    11 ||    11
Dodge: Dodged            |    36 |    58 |   141 |    78 ||   313

Table legend:
 A = Spawn XP
 B = Non-spawn XP
 C = Spawn XP percentage of total XP
 D = Spawn monster count
 E = Non-spawn monster count
 F = Spawn count percentage of total count
 G = Total turns spent on level
                    A         B        C        D         E        F      G
               +---------+---------+-------+---------+---------+-------+---------
         Total |       0 |   17742 |   0.0 |       0 |     268 |   0.0 | 14128
               +---------+---------+-------+---------+---------+-------+---------
           D:1 |       0 |      37 |   0.0 |       0 |      21 |   0.0 |  1195
           D:2 |       0 |     225 |   0.0 |       0 |      27 |   0.0 |  1293
           D:3 |       0 |     655 |   0.0 |       0 |      29 |   0.0 |  1908
           D:4 |       0 |    1259 |   0.0 |       0 |      27 |   0.0 |  1687
           D:5 |       0 |     304 |   0.0 |       0 |       9 |   0.0 |  1085
           D:6 |       0 |    1250 |   0.0 |       0 |      24 |   0.0 |  1329
           D:7 |       0 |    1495 |   0.0 |       0 |      30 |   0.0 |  1173
           D:8 |       0 |    3921 |   0.0 |       0 |      37 |   0.0 |  1527
           D:9 |       0 |    2891 |   0.0 |       0 |      31 |   0.0 |  1497
          D:10 |       0 |    3307 |   0.0 |       0 |      27 |   0.0 |  1114
        Lair:1 |       0 |     145 |   0.0 |       0 |       1 |   0.0 |    49
       Volcano |       0 |    2253 |   0.0 |       0 |       5 |   0.0 |   271
               +---------+---------+-------+---------+---------+-------+---------
